 Dungeon Crawl Stone Soup version 0.31.0-11-ge490571c62 (webtiles) character file.

Game seed: 5064989014467468904

1869 qw the Skirmisher (level 8, -2/40 HPs)
             Began as a Spriggan Hunter on Feb 3, 2024.
             Was a Follower of Okawaru.
             Killed from afar by a steam dragon (11 damage)
             ... with a ball of steam
             ... on level 7 of the Dungeon.
             The game lasted 00:02:02 (5367 turns).

qw the Skirmisher (Spriggan Hunter)                 Turns: 5367, Time: 00:02:03

Health: -2/40      AC:  6    Str:  7    XL:     8   Next: 90%
Magic:  9/9        EV: 24    Int: 11    God:    Okawaru [*.....]
Gold:   544        SH:  0    Dex: 20    Spells: 7/7 levels left

rFire   . . .        n - +0 orcbow
rCold   . . .        (shield currently unavailable)
rNeg    . . .        c - +1 robe
rPois   .            (helmet restricted)
rElec   .            l - +2 cloak
rCorr   .            (gloves unavailable)
SInv    +            (boots unavailable)
Will    +....        b - amulet of faith
Stlth   ++           (no ring)
HPRegen 0.26/turn    (no ring)
MPRegen 0.11/turn

%: faith
@: very quick
A: very small, no large weapons, unfitting armour, see invisible, speed 3
a: Renounce Religion, Heroism


You were on level 7 of the Dungeon.
You worshipped Okawaru.
Okawaru was aware of your devotion.
You visited 2 branches of the dungeon, and saw 8 of its levels.
You also visited: Ossuary.

You collected 544 gold pieces.


Innate Abilities, Weirdness & Mutations

You are very small and have problems with some larger weapons.
You are too small for most types of armour.
You have supernaturally acute eyesight. (SInv)
You cover ground extremely quickly. (Speed+++)


   Skills:
 - Level 3.0 Fighting
 + Level 9.5 Ranged Weapons
 - Level 9.4 Dodging
 - Level 1.5 Stealth
 + Level 1.2 Invocations


You had 7 spell levels left.
You didn't know any spells.
Your spell library was empty.

Inventory:

Hand Weapons
 n - a +0 orcbow (weapon)
Armour
 c - a +1 robe (worn)
 l - a +2 cloak (worn)
Jewellery
 b - an amulet of faith (around neck)
 d - a ring of fire
Wands
 a - a wand of acid (13)
 f - a wand of polymorph (9)
 i - a wand of digging (11)
Potions
 h - 3 potions of curing
 k - a potion of cancellation

Dungeon Overview and Level Annotations

Branches:
Dungeon (7/15)             Temple (1/1) D:6         Ossuary (visited)

Altars:
Ashenzari
Cheibriados
Dithmenos
Elyvilon
Fedhas
Gozag
Hepliaklqana
Kikubaaqudgha
Makhleb
Nemelex Xobeh
Okawaru
Ru
Sif Muna
Trog
Uskayaw
Vehumet
Wu Jian
Xom
Yredelemnul
Zin
The Shining One

Shops:
D:3 =


Message History

Okawaru accepts your kill. The orc misses you.
The gnoll sergeant hits you from afar with a +0 spear!
A vampire comes into view.
You shoot an arrow. The arrow barely misses the orc.
The arrow hits the vampire.
The vampire is moderately damaged.
The gnoll sergeant hits you from afar with a +0 spear!
The orc misses you.
You shoot an arrow. The arrow hits the orc!
You kill the orc!
Okawaru accepts your kill. The gnoll sergeant closely misses you.
You shoot an arrow. The arrow hits the gnoll sergeant!
The gnoll sergeant is almost dead.
The gnoll sergeant hits you from afar with a +0 spear!
You shoot an arrow.
The arrow hits the gnoll sergeant but does no damage.
The gnoll sergeant is almost dead.
The gnoll sergeant completely misses you.
A water moccasin comes into view.
The vampire points at you and mumbles some strange words.
You are confused.
The gnoll sergeant closely misses you.
5364 ||| DRINKING 4 potions of curing.
You feel better.
5364 ||| (to cure confusion)
The gnoll sergeant misses you.
Enter note:
Enter note:
5365 ||| RETREEEEATING.
Enter note:
5366 ||| RETREEEEATING.
There is an open door here.
Items here: %% )))) [[.
You shoot an arrow. The arrow closely misses the vampire.
The gnoll sergeant blocks the arrow.
The vampire mumbles some strange words.
The vampire flickers and vanishes for a moment.
The steam dragon breathes steam at you.
The ball of steam hits the vampire!
The ball of steam hits you!
You die... 7 7

# .7. .# 7.7 .7 7.7 .7
##7'7## .7
#..>..#D7777#
+..8.¤V.S)S..
#.)<¤.#.7777# ##7@7## 7
77.77 #7...7# #.....#
#7...7# 77.77 ##7.7##
######### 77.....77
#.....#..
777..PPP..7777#.###.#.#


You could see a vampire (invisible).

Vanquished Creatures
  A wyvern (D:6)
  2 water moccasins (D:6)
  3 black bears
  A phantom (D:7)
  A weeping skull (Ossuary)
  An elf zombie (Ossuary)
  A bullfrog (D:4)
  A burial acolyte (Ossuary)
  A wight (D:7)
  A bombardier beetle (D:4)
  4 hounds
  2 human zombies (Ossuary)
  4 orc priests
  A sleepcap (D:6)
  Ijyb (D:3)
  Natasha (thrice) (D:2)
  3 iguanas
  2 orc wizards
  2 mummies (Ossuary)
  A hound zombie (Ossuary)
  Robin (D:2)
  A howler monkey zombie (Ossuary)
  4 gnolls
  4 adders
  A shadow imp (D:7)
  3 white imps
  2 ufetubi (D:6)
  4 dart slugs
  3 ribbon worms
  21 orcs
  4 ball pythons
  4 endoplasms
  4 giant cockroaches
  20 goblins
  7 hobgoblins
  3 jackals (D:2)
  2 quokkas
  3 bats
  5 frilled lizards
  4 kobolds
  4 rats
140 creatures vanquished.

Notes
Turn   | Place    | Note
-------+----------+-------------------------------------------
     0 | D:1      | qw the Spriggan Hunter began the quest for the Orb.
     0 | D:1      | Reached XP level 1. HP: 10/10 MP: 2/2
     0 | D:1      | 0 ||| qw: Version: 0.3-a-155-g5e7d8dd
     0 | D:1      | 0 ||| qw: Game counter: 3486
     0 | D:1      | 0 ||| qw: Melee chars always use a shield: true
     0 | D:1      | 0 ||| qw: God list: Okawaru
     0 | D:1      | 0 ||| qw: Allow faded altars: false
     0 | D:1      | 0 ||| qw: Do Orc after clearing Dungeon:15 true
     0 | D:1      | 0 ||| qw: Do second Lair branch before Depths: true
     0 | D:1      | 0 ||| qw: Lair rune preference: random
     0 | D:1      | 0 ||| qw: Goals: Normal
     0 | D:1      | 0 ||| PLANNING D:1-11
    60 | D:1      | Reached skill level 3 in Dodging
   116 | D:1      | Reached XP level 2. HP: 14/14 MP: 3/3
   398 | D:1      | Reached XP level 3. HP: 18/18 MP: 4/4
   726 | D:1      | 726 ||| READING scroll labelled NOWABR WANOFF.
   726 | D:1      | 726 ||| IDENTIFYING lumpy black potion
   727 | D:1      | 727 ||| READING scroll labelled ZEXKALLISCHE.
   728 | D:1      | 728 ||| READING scroll labelled UZXORUD FUMEHY.
   729 | D:1      | 729 ||| READING scroll labelled GOOZADD DOAPOINU.
   729 | D:1      | 729 ||| BRANDING +0 shortbow.
   730 | D:1      | 730 ||| DRINKING 2 viscous white potions.
   731 | D:1      | 731 ||| DROPPING scroll of butterflies.
   732 | D:1      | 732 ||| DROPPING potion of lignification.
   852 | D:2      | Noticed Natasha
   857 | D:2      | Killed Natasha
   858 | D:2      | Reached XP level 4. HP: 22/22 MP: 5/5
   868 | D:2      | Noticed Natasha
   875 | D:2      | Killed Natasha
   920 | D:2      | Noticed Natasha
   929 | D:2      | Killed Natasha
  1107 | D:2      | Reached XP level 5. HP: 26/26 MP: 6/6
  1129 | D:2      | Noticed Robin
  1138 | D:2      | Killed Robin
  1250 | D:2      | 1250 ||| READING 2 scrolls of identify.
  1250 | D:2      | 1250 ||| IDENTIFYING bubbling inky potion
  1251 | D:2      | 1251 ||| READING scroll of identify.
  1251 | D:2      | 1251 ||| IDENTIFYING scroll labelled SUODUE IJIF
  1252 | D:2      | 1252 ||| READING scroll labelled WEF MOS ELATO.
  1256 | D:2      | 1256 ||| DROPPING scroll of fear.
  1286 | D:3      | Found Nunwyexi's Jewellery Shoppe.
  1478 | D:3      | Noticed Ijyb
  1482 | D:3      | 1482 ||| READING scroll of teleportation.
  1491 | D:3      | 1491 ||| FLEEEEING to unexplored (badform).
  1498 | D:3      | 1498 ||| FLEEEEING to unexplored (badform).
  1499 | D:3      | 1499 ||| FLEEEEING to unexplored (badform).
  1500 | D:3      | 1500 ||| FLEEEEING to unexplored (badform).
  1501 | D:3      | 1501 ||| FLEEEEING.
  1502 | D:3      | 1502 ||| FLEEEEING.
  1503 | D:3      | 1503 ||| FLEEEEING.
  1504 | D:3      | 1504 ||| FLEEEEING.
  1513 | D:3      | 1513 ||| SHOPLISTING +4 ring of protection (504 gold, have
                  | 78).
  1513 | D:3      | 1513 ||| SHOPLISTING amulet "Vorom" {Faith Int+6} (834
                  | gold, have 78).
  1513 | D:3      | 1513 ||| SHOPLISTING amulet of faith (560 gold, have 78).
  1513 | D:3      | 1513 ||| SHOPLISTING ring of Cuulapah {Int+6 Dex+3} (690
                  | gold, have 78).
  1513 | D:3      | 1513 ||| SHOPLISTING ring of fire (350 gold, have 78).
  1513 | D:3      | 1513 ||| SHOPLISTING ring of ice (350 gold, have 78).
  1513 | D:3      | 1513 ||| SHOPLISTING ring of poison resistance (280 gold,
                  | have 78).
  1554 | D:3      | Noticed a black bear
  1561 | D:3      | Killed a black bear
  1562 | D:3      | Reached skill level 6 in Ranged Weapons
  1649 | D:3      | Killed Ijyb
  1650 | D:3      | Reached XP level 6. HP: 30/30 MP: 7/7
  1992 | D:3      | 1992 ||| READING 2 scrolls labelled LINNAJ COIZE.
  1993 | D:3      | 1993 ||| DROPPING scroll of amnesia.
  2021 | D:4      | Reached skill level 6 in Dodging
  2303 | D:4      | 2303 ||| FLEEEEING.
  2304 | D:4      | 2304 ||| FLEEEEING.
  2305 | D:4      | 2305 ||| FLEEEEING.
  2306 | D:4      | 2306 ||| FLEEEEING.
  2433 | D:4      | Found a broken altar of Ashenzari.
  2444 | D:4      | Found an opulent altar of Gozag.
  2682 | D:4      | Reached XP level 7. HP: 35/35 MP: 8/8
  2967 | D:4      | 2967 ||| UPGRADING to amulet of faith.
  2972 | D:4      | 2972 ||| READING 3 scrolls labelled FIUSMAOROA.
  2973 | D:4      | 2973 ||| DROPPING 2 scrolls of summoning.
  2983 | D:5      | Entered Level 5 of the Dungeon
  2984 | D:5      | 2984 ||| PLANNING OSSUARY
  3073 | D:5      | Found a sand-covered staircase.
  3079 | Ossuary  | Entered an ossuary
  3079 | Ossuary  | Found a huge runed translucent gate.
  3079 | Ossuary  | Found a huge runed translucent gate.
  3079 | Ossuary  | Found a huge runed translucent gate.
  3079 | Ossuary  | Found a huge runed translucent gate.
  3079 | Ossuary  | Found a huge runed translucent gate.
  3079 | Ossuary  | Found a huge runed translucent gate.
  3079 | Ossuary  | Found a huge runed translucent gate.
  3079 | Ossuary  | Found a huge runed translucent gate.
  3079 | Ossuary  | Found a huge runed translucent gate.
  3080 | Ossuary  | Found a huge runed translucent gate.
  3080 | Ossuary  | Found a huge runed translucent gate.
  3081 | Ossuary  | Found a huge runed translucent gate.
  3081 | Ossuary  | Found a huge runed translucent gate.
  3083 | Ossuary  | Found a huge runed translucent gate.
  3083 | Ossuary  | Found a huge runed translucent gate.
  3114 | Ossuary  | Found a huge runed translucent gate.
  3114 | Ossuary  | Found a huge runed translucent gate.
  3114 | Ossuary  | Found a huge runed translucent gate.
  3114 | Ossuary  | Found a huge runed translucent gate.
  3114 | Ossuary  | Found a huge runed translucent gate.
  3115 | Ossuary  | Found a huge runed translucent gate.
  3115 | Ossuary  | Found a huge runed translucent gate.
  3117 | Ossuary  | Found a huge runed translucent gate.
  3117 | Ossuary  | Found a huge runed translucent gate.
  3118 | Ossuary  | Found a huge runed translucent gate.
  3118 | Ossuary  | Found a huge runed translucent gate.
  3119 | Ossuary  | Found a huge runed translucent gate.
  3119 | Ossuary  | Found a huge runed translucent gate.
  3124 | Ossuary  | Found a huge runed translucent gate.
  3124 | Ossuary  | Found a huge runed translucent gate.
  3145 | Ossuary  | HP: 8/35 [human zombie (4)]
  3146 | Ossuary  | 3146 ||| DRINKING potion of heal wounds.
  3170 | Ossuary  | Found a huge runed translucent gate.
  3170 | Ossuary  | Found a huge runed translucent gate.
  3170 | Ossuary  | Found a huge runed translucent gate.
  3170 | Ossuary  | Found a huge runed translucent gate.
  3170 | Ossuary  | Found a huge runed translucent gate.
  3182 | Ossuary  | 3182 ||| READING scroll of identify.
  3182 | Ossuary  | 3182 ||| IDENTIFYING scroll labelled LEUFUN ECKEBRO
  3183 | Ossuary  | 3183 ||| DROPPING scroll of blinking.
  3185 | Ossuary  | 3185 ||| RETREEEEATING.
  3186 | Ossuary  | 3186 ||| RETREEEEATING.
  3187 | Ossuary  | 3187 ||| RETREEEEATING.
  3188 | Ossuary  | 3188 ||| RETREEEEATING.
  3227 | Ossuary  | HP: 3/35 [elf zombie (6)]
  3399 | Ossuary  | 3399 ||| READING scroll labelled YTADOTUTOG.
  3411 | D:5      | 3411 ||| PLANNING D:1-11
  3426 | D:5      | Reached skill level 3 in Fighting
  3595 | D:5      | Reached XP level 8. HP: 22/40 MP: 9/9
  3923 | D:5      | 3923 ||| UPGRADING to +2 cloak.
  3928 | D:5      | 3928 ||| READING scroll labelled NAACILAPP OMUA.
  3929 | D:5      | 3929 ||| READING scroll labelled TOCVISEGGU.
  3971 | D:6      | HP: 9/40 [iguana (8)]
  3972 | D:6      | 3972 ||| READING scroll of teleportation.
  3989 | D:6      | HP: 5/40 [wyvern (4)]
  4122 | D:6      | Found a staircase to the Ecumenical Temple.
  4123 | D:6      | 4123 ||| PLANNING TEMPLE
  4136 | Temple   | Entered the Ecumenical Temple
  4137 | Temple   | 4137 ||| PLANNING OKAWARU WORSHIP
  4208 | Temple   | Became a worshipper of Warmaster Okawaru
  4209 | Temple   | 4209 ||| PLANNING D:1-11
  4570 | D:6      | Reached skill level 9 in Ranged Weapons
  4650 | D:6      | 4650 ||| SWAPPING to +0 orcbow.
  4662 | D:6      | 4662 ||| DROPPING +0 shortbow of draining.
  4687 | D:6      | Found a glowing golden altar of the Shining One.
  4704 | D:6      | Reached skill level 9 in Dodging
  4805 | D:6      | Found a basalt altar of Yredelemnul.
  4807 | D:6      | Noticed a profane servitor
  4845 | D:6      | 4845 ||| DROPPING scarf of invisibility.
  4846 | D:6      | 4846 ||| READING scroll of identify.
  4846 | D:6      | 4846 ||| IDENTIFYING white potion
  4847 | D:6      | 4847 ||| READING scroll labelled BANUC GYLOIDGH.
  4847 | D:6      | 4847 ||| ENCHANTING +0 robe.
  4848 | D:6      | 4848 ||| READING scroll labelled MIROOSE MOYKHLY.
  4949 | D:6      | 4949 ||| DRINKING 2 sedimented silvery potions.
  4950 | D:6      | 4950 ||| DROPPING potion of brilliance.
  5145 | D:7      | Reached * piety under Okawaru
  5258 | D:7      | Reached skill level 1 in Invocations
  5360 | D:7      | HP: 10/40 [gnoll sergeant/+0 spear (8)]
  5362 | D:7      | HP: 3/40 [gnoll sergeant/+0 spear (8)]
  5364 | D:7      | 5364 ||| DRINKING 4 potions of curing.
  5364 | D:7      | 5364 ||| (to cure confusion)
  5365 | D:7      | 5365 ||| RETREEEEATING.
  5366 | D:7      | 5366 ||| RETREEEEATING.
  5367 | D:7      | Killed from afar by a steam dragon

Levels and vault maps discovered:
D:1:      saegor_arrival_simple_b, layout_basic
D:2:      layout_rooms, minmay_ruptured, uniq_natasha, uniq_robin
D:3:      layout_loops_ring, serial_shops, nicolae_shop_tiny_glass,
          columned_hall_lemuel, uniq_ijyb
D:4:      layout_basic, amethyst_overflow_temple_binary
D:5:      layout_basic, enter_ossuary_1
D:6:      layout_rooms, grunt_temple_overflow_holy_war,
          minmay_temple_entry_purple_smoke, minivault_5
D:7:      nzn_winding_woodlands_stair_cross [nzn_winding_woodlands_5x15_garden,
          nzn_winding_woodlands_center_triple_pond,
          nzn_winding_woodlands_5x15_cabin, nzn_winding_woodlands_5x5_default,
          nzn_winding_woodlands_5x5_cross, nzn_winding_woodlands_5x15_pockets,
          nzn_winding_woodlands_center_pierced_h,
          nzn_winding_woodlands_5x15_parted], layout_basic
Temple:   minmay_temple_bridge_d

Skill      XL: |  1  2  3  4  5  6  7  8 |
---------------+-------------------------+-----
Dodging        | 3 4 5 6 7 9 |  9.4
Ranged Weapons | 5 6 7 8 9 |  9.5
Fighting       | 2 3 |  3.0
Invocations    | 1 |  1.2
Stealth        | |  1.5

Action                     |  1- 3 |  4- 6 |  7- 9 || total
---------------------------+-------+-------+-------++-------
  Melee: Unarmed           |       |     3 |       ||     3
   Fire: Shortbow          |    62 |   163 |   203 ||   428
         Orcbow            |       |       |    90 ||    90
    Use: Scroll            |     4 |     5 |     9 ||    18
         Potion            |     1 |       |     3 ||     4
 Armour: Robe              |     1 |    13 |    54 ||    68
  Dodge: Dodged            |     2 |    37 |   155 ||   194

Table legend:
 A = Non-vault XP
 B = Vault XP
 C = Vault XP percentage of total XP
 D = Non-vault monster count
 E = Vault monster count
 F = Vault count percentage of total count
                 A         B        C        D         E       F
            +---------+---------+-------+---------+---------+-------
      Total |    2082 |     589 |  22.1 |     111 |      29 |  20.7
            +---------+---------+-------+---------+---------+-------
        D:1 |      44 |       0 |   0.0 |      17 |       0 |   0.0
        D:2 |     117 |      82 |  41.2 |      21 |      17 |  44.7
        D:3 |     154 |      36 |  18.9 |      11 |       1 |   8.3
        D:4 |     455 |       0 |   0.0 |      25 |       0 |   0.0
        D:5 |     164 |       0 |   0.0 |       9 |       0 |   0.0
        D:6 |     936 |       0 |   0.0 |      19 |       0 |   0.0
        D:7 |     212 |      75 |  26.1 |       9 |       2 |  18.2
    Ossuary |       0 |     396 | 100.0 |       0 |       9 | 100.0
            +---------+---------+-------+---------+---------+-------
